[Event "*** SCC Grand Prix: Titled Tuesday Blitz"]
[Site "Chess.com"]
[Date "2020.10.06"]
[Round "1"]
[White "Omk124"]
[Black "Azerichess"]
[Result "0-1"]
[WhiteElo "2457"]
[BlackElo "2907"]
[TimeControl "180+1"]
[EndTime "10:07:59 PDT"]
[Termination "Azerichess won by resignation"]

1. e4 c6 2. c4 e5 3. Nf3 d6 4.
Nc3 Nd7 5. Be2 g6 6. O-O Bg7 7. d4 Ngf6 8. h3 O-O 9. Be3 exd4 10. Nxd4 Re8 11. Qc2 Nc5 12. Bf3 a5 13. Rfe1 a4 14.
Rad1 Qe7 15. Qc1 Nfd7 16. Bg5 Bf6 17. Bxf6 Qxf6 18. Be2 Ne5 19. f4 Ned3 20. Bxd3 Qxd4+ 21. Qe3 Qxe3+ 22. Rxe3 Be6 23. Bf1 Rad8 24. Rde1 f6 25. e5 dxe5 26. fxe5 f5 27. Be2 Rd2 28. b4 axb3 29.
axb3 Nxb3 30. Na4 Nd4 31. Bf1 Kf7 32. Rb1 Re7 33. Nc5 Bc8 34. Rd3 Rxd3 35. Bxd3 Ke8 36. Ra1 Rxe5 37. Ra8 Rxc5 38. Rxc8+ Kd7 39. Rh8 b5 40.
cxb5 cxb5 41. Rxh7+ Ke6 42. Rg7 Kf6 43. Rd7 Ke5 44. Rg7 Rc3 45. Bf1 b4 46. Rxg6 b3 47.
Rb6 Rc1 48. Kf2 Rc2+ 49. Ke3 f4+ 50. Kd3 Rf2 51. Ra6 Rxf1 52. Ra5+ Kf6 53. Kxd4 b2 54. Ra6+ Kg5 55. Ra5+ Kh4 56. Rb5 b1=Q 57. Rxb1 Rxb1 58. Ke4 Kg3 59. h4 Rb4+ 60. Kf5 Kxg2 61. h5 f3 62. h6 f2 63. h7 0-1

[Event "*** SCC Grand Prix: Titled Tuesday Blitz"]
[Site "Chess.com"]
[Date "2020.10.06"]
[Round "1"]
[White "LiamVrolijk"]
[Black "smshk35"]
[Result "0-1"]
[WhiteElo "2815"]
[BlackElo "2448"]
[TimeControl "180+1"]
[EndTime "10:08:00 PDT"]
[Termination "smshk35 won by resignation"]

1. c4 g6 2. d4 Bg7 3. e4 d6 4. Nc3 Nf6 5. Nf3 O-O 6. Be2 Nbd7 7. O-O e5 8. Qc2 Re8 9. Rd1 Qe7 10. Bg5 c6 11. d5 h6 12. Bh4 g5 13. Bg3 Nh5 14.
dxc6 bxc6 15. Qd2 Bf8 16. b4 Ndf6 17. b5 cxb5 18. cxb5 Bb7 19. Bd3 Rec8 20. Rac1 Rc5 21. a4 Rac8 22. Bb1 Rc4 23. Ba2 Rxc3 24. Rxc3 Nxe4 25. Rxc8 Nxd2 26. Rxf8+ Kxf8 27. Nxd2 Nf4 28. f3 Ne2+ 29. Kf1 Nxg3+ 30. hxg3 d5 31. Bb3 Qb4 32. Ke2 e4 33. fxe4 dxe4 34. Rf1 Ke8 35. Rxf7 Bc8 36. Rc7 Bg4+ 37. Ke3 Qd6 38. Rc3 Bf5 39.
Nxe4 Qb4 40. Nf6+ Kd8 41. Nd5 Qe4+ 42. Kf2 Qd4+ 43. Ke2 Bg4+ 44. Ke1 Be6 45. Rc2 Qg1+ 46. Kd2 Qxg2+ 47. Kc1 Qh1+ 48. Kb2 Bxd5 49. Rd2 Ke7 50. Bxd5 Qe1 51. Rd3 Qb4+ 52. Bb3 h5 53. Kc2 Qc5+ 54. Rc3 Qf2+ 55. Kb1 h4 56. gxh4 gxh4 57. Bd5 Qe1+ 58. Kb2 Qd2+ 59. Kb3 Qxd5+ 0-1

[Event "*** SCC Grand Prix: Titled Tuesday Blitz"]
[Site "Chess.com"]
[Date "2020.10.06"]
[Round "1"]
[White "juancruzarias"]
[Black "RamyresCoelho"]
[Result "1-0"]
[WhiteElo "2496"]
[BlackElo "2024"]
[TimeControl "180+1"]
[EndTime "10:08:00 PDT"]
[Termination "juancruzarias won by resignation"]

1. e4 c5 2. Nc3 Nc6 3. Bb5 a6 4. Bxc6 bxc6 5. d3 d6 6. f4 g6 7. Nf3 Bg7 8. O-O e6 9. Kh1 Ne7 10. Bd2 O-O 11. Rb1 d5 12. Na4 c4 13. e5 cxd3 14. cxd3 Rb8 15. b4 Qc7 16. Qc2 Re8 17. a3 h6 18. Be3 Nf5 19. Bf2 Bf8 20. Rfc1 Bd7 21. Bc5 Kh7 22. g4 Bxc5 23. Nxc5 Ne3 24. Qe2 Nxg4 25. h3 Nxe5 26. Nxe5 Bc8 27. Ng4 Kg7 28.
Qe5+ Qxe5 29. fxe5 h5 30. Nf6 Re7 31. h4 Ra7 32. d4 a5 33. bxa5 Rxb1 34. Rxb1 Rxa5 35. Rb8 Rxa3 36. Rxc8 Rh3+ 37. Kg2 Rxh4 38. Nb3 Rf4 39. Rxc6 h4 40. Rc3 g5 41. Nh5+ Kg6 42. Nxf4+ gxf4 43. Kh3 Kf5 44. Nd2 f6 45. exf6 Kxf6 46. Nf3 Kf5 47. Ne5 Ke4 48. Rc1 Kxd4 49. Ng6 e5 50. Kxh4 e4 51.
Nxf4 Ke5 52. Kg3 d4 53. Rc5+ Kf6 54. Rd5 d3 55. Nxd3 exd3 56. Rxd3 Ke5 57. Kf3 Kf5 58. Rd5+ Ke6 59. Ke4 1-0

[Event "*** SCC Grand Prix: Titled Tuesday Blitz"]
[Site "Chess.com"]
[Date "2020.10.06"]
[Round "1"]
[White "Lenyas66"]
[Black "Quiet_Desperation"]
[Result "0-1"]
[WhiteElo "2462"]
[BlackElo "1915"]
[TimeControl "180+1"]
[EndTime "10:08:00 PDT"]
[Termination "Quiet_Desperation won on time"]

1. e4 e6 2. d4 d5 3. Nd2 Nf6 4. e5 Nfd7 5. Bd3 c5 6. c3 Nc6 7.
Ne2 cxd4 8. cxd4 f6 9. Nf4 Nxd4 10. Qh5+ Ke7 11. Ng6+ hxg6 12. exf6+ Nxf6 13. Qxh8 Kf7 14. O-O e5 15. Nb3 Nxb3 16. axb3 Be6 17. Bg5 e4 18. Be2 Qb6 19. Rfc1 Qxb3 20. Bxf6 Kxf6 21.
Qh4+ g5 22. Qh7 Bd6 23. h3 Qxb2 24. Bg4 e3 25. fxe3 Bxg4 26. Rf1+ Ke7 27. Rab1 Qe5 28.
Rxb7+ Bd7 29. Rf3 Rc8 30. Qg6 Rc1+ 31. Kf2 Kd8 32. Rxd7+ Kxd7 33. Qf7+ Kc6 34. Qxa7 Rc2+ 35. Kf1 Qc3 36. Qa8+ Kc5 37. Qc8+ Kb4 38. Qxc3+ Kxc3 39. Rf5 d4 40. exd4 Kxd4 41. Rxg5 Be5 42. Ke1 Ke3 43. Kd1 Rc5 44. Rf5 Ke4 45. Rf3 g5 46. Ke2 Rc2+ 47. Kf1 Rc1+ 48. Ke2 Bf4 49. Kf2 Rc2+ 50.
Kf1 Rd2 51. Rf2 Rxf2+ 52. Kxf2 Kf5 53. g3 Be5 54. Kf3 Bd4 55. Kg2 Ke4 0-1

[Event "*** SCC Grand Prix: Titled Tuesday Blitz"]
[Site "Chess.com"]
[Date "2020.10.06"]
[Round "1"]
[White "Gulkov_Igor"]
[Black "KuzubovYuriy"]
[Result "0-1"]
[WhiteElo "2461"]
[BlackElo "2931"]
[TimeControl "180+1"]
[EndTime "10:08:01 PDT"]
[Termination "KuzubovYuriy won by resignation"]

1. Nf3 d5 2. d4 Nf6 3. c4 e6 4. Nc3 Nbd7 5. cxd5 exd5 6. Bg5 c6 7.
e3 h6 8. Bh4 g5 9. Bg3 Nh5 10.
Bd3 Nxg3 11. hxg3 Bg7 12. b4 Nb6 13. Qc2 a6 14. a4 Qe7 15. Rb1 g4 16. Ne5 Bxe5 17.
dxe5 Nd7 18. e4 Nxe5 19. O-O d4 20. Ne2 h5 21. Nxd4 h4 22. Nf5 Bxf5 23. exf5 hxg3 24. fxg3 Qd6 25. Rbe1 O-O-O 26. Be4 Qxb4 27. f6 Rd2 28. Bf5+ Kb8 29. Qe4 Qc5+ 30. Qe3 Qxe3+ 31. Rxe3 Nd7 32. Bxd7 Rxd7 33. Re7 Rhd8 34. Rf4 Rxe7 35. fxe7 Re8 36. Rxf7 Kc7 37. Rg7 b5 38. Kf2 Kd6 39. Rg6+ Kd7 40. Rxg4 Rxe7 41. axb5 axb5 42. Rd4+ Ke6 43. g4 c5 44. Rd1 c4 45. Rb1 Rb7 46. Ke3 Kd5 47.
g5 Kc5 48. g4 b4 49. g6 b3 50.
g5 Rg7 51. Kf4 Kb4 0-1

[Event "*** SCC Grand Prix: Titled Tuesday Blitz"]
[Site "Chess.com"]
[Date "2020.10.06"]
[Round "1"]
[White "Snegokhod"]
[Black "seorobert1971"]
[Result "1/2-1/2"]
[WhiteElo "2380"]
[BlackElo "2705"]
[TimeControl "180+1"]
[EndTime "10:08:01 PDT"]
[Termination "Game drawn by repetition"]

1. e4 e6 2. d3 b6 3. Nf3 Bb7 4. g3 d5 5. exd5 Bxd5 6. Bg2 Nf6 7. O-O Be7 8. Re1 O-O 9. Nc3 Bb7 10. Ne5 Bxg2 11.
Kxg2 Na6 12. Nc6 Qd7 13. Qf3 Nb4 14. Nxe7+ Qxe7 15. Re2 Rad8 16. Bg5 h6 17. Bxf6 Qxf6 18. Qb7 Nd5 19. Nxd5 Rxd5 20. Rb1 Ra5 21. a3 Qd8 22. Rbe1 Qd5+ 23. Qxd5 Rxd5 24. Re5 Rfd8 25. f4 h5 26. Kf3 g6 27. Rxd5 Rxd5 28. Ke4 Kf8 29.
c4 Rd8 30. d4 Ke7 31. b4 Kf6 32. a4 a6 33. Ra1 Rb8 34. h3 Ke7 35. g4 hxg4 36.
hxg4 Kd6 37. g5 c6 38. Rh1 Rd8 39. Rh7 Ke7 40. Ke5 Rc8 41. Rh1 Rd8 42. Rh2 Rc8 43. Rd2 Rc7 44. Ra2 Rb7 45. Ra3 Rb8 46. Ra1 Rb7 47.
Ra2 Rb8 48. Rd2 Rc8 49. Rd3 Rc7 50. Re3 Rd7 51. Rh3 Rd8 52. Rh4 Rc8 53. Rh1 Rd8 54. Ra1 Rb8 55. Ra3 Rb7 56. Rh3 Rb8 57. Rh7 Rd8 58. Rh3 Rb8 59. Rh2 Rd8 60. Rh1 Rc8 61.
Ra1 Rb8 62. Ra2 Rb7 63. Ke4 Kd6 64. Rh2 Rb8 65. Rh7 Ke7 66. Ke3 Rd8 67. Ke4 Rb8 68.
Ke5 Rd8 69. Rh2 Rb8 70. Rh7 1/2-1/2

[Event "*** SCC Grand Prix: Titled Tuesday Blitz"]
[Site "Chess.com"]
[Date "2020.10.06"]
[Round "1"]
[White "ZverevLev"]
[Black "Lagmantr"]
[Result "1/2-1/2"]
[WhiteElo "2333"]
[BlackElo "2641"]
[TimeControl "180+1"]
[EndTime "10:08:03 PDT"]
[Termination "Game drawn by repetition"]

1. e4 c6 2. d4 d5 3. e5 c5 4.
dxc5 e6 5. a3 Bxc5 6. b4 Be7 7.
Qg4 g5 8. Nf3 h5 9. Qg3 g4 10.
Nd4 Nc6 11. Be3 Nxd4 12. Bxd4 Nh6 13. Bd3 Bh4 14. Qe3 Bg5 15. Qe2 Nf5 16. Bxf5 exf5 17. e6 O-O 18. Qe5 f6 19. Qxf5 Qe8 20. O-O Bxe6 21.
Qd3 Qf7 22. Nc3 Rfe8 23. Rae1 a6 24. Na4 Qh7 25. Qxh7+ Kxh7 26. Nc5 Bf5 27. Nxb7 Bxc2 28. Rxe8 Rxe8 29. f3 Bd3 30. Rd1 Bc4 31. fxg4 hxg4 32. Nd6 Re2 33. a4 Bb3 34. Ra1 Rd2 35. Bc5 d4 36.
Ne4 Be3+ 37. Kh1 Rc2 38. Nxf6+ Kg6 39. Nxg4 Bd5 40. Nxe3 dxe3 41. Rg1 e2 42. Bf2 Rb2 43.
b5 axb5 44. axb5 Rxb5 45. Be1 Rb1 46. h3 Kf5 47. Kh2 Ke4 48. h4 Rb3 49. h5 Kf5 50. g4+ Kg5 51. Bd2+ Kh4 52. Be1+ Kg5 53. Bd2+ Kh4 54.
Be1+ Kg5 1/2-1/2

[Event "*** SCC Grand Prix: Titled Tuesday Blitz"]
[Site "Chess.com"]
[Date "2020.10.06"]
[Round "1"]
[White "NotFischer"]
[Black "Ranindu2003"]
[Result "0-1"]
[WhiteElo "2271"]
[BlackElo "2579"]
[TimeControl "180+1"]
[EndTime "10:08:03 PDT"]
[Termination "Ranindu2003 won by resignation"]

1. e4 c5 2. Nc3 a6 3. g3 Nc6 4. Bg2 g6 5. d3 Bg7 6. Nge2 d6 7. Be3 Nf6 8. h3 Bd7 9. O-O Qc8 10. Kh2 h5 11.
Qd2 h4 12. g4 Bxg4 13. hxg4 Nxg4+ 14. Kg1 h3 15. Bf3 Nce5 16. Bh1 h2+ 17. Kg2 Nf6 18. f3 Qh3+ 19. Kf2 Qh4+ 20. Ng3 Nh5 21. Ne2 f6 22. Bg2 Nf7 23. Rh1 f5 24. f4 Nh6 25. Bf3 e5 26. Kg2 Ng4 27. Bxg4 Qxg4 28. Rxh2 exf4 29. Bxf4 Be5 30. Bxe5 dxe5 31. Kh1 Qf3+ 32. Rg2 Nxg3+ 33.
Kg1 f4 34. Nxg3 fxg3 35. Rf1 Qh5 36. Rxg3 Qh1+ 37. Kf2 Rh2+ 38. Ke1 Qxf1+ 39. Kxf1 Rxd2 40. Rxg6 O-O-O 41. Re6 Rxc2 42. Rxe5 Rxd3 43. Ke1 Rxb2 44. Rd5 Rxd5 45. exd5 Kd7 46. Kd1 Kd6 47. Kc1 Rh2 0-1

[Event "*** SCC Grand Prix: Titled Tuesday Blitz"]
[Site "Chess.com"]
[Date "2020.10.06"]
[Round "1"]
[White "kot60"]
[Black "Kacparov"]
[Result "1-0"]
[WhiteElo "2418"]
[BlackElo "2730"]
[TimeControl "180+1"]
[EndTime "10:08:04 PDT"]
[Termination "kot60 won by resignation"]

1. e4 c5 2. Nc3 e6 3. Bc4 a6 4. a4 Nc6 5. d3 Nf6 6. Nge2 d5 7. exd5 exd5 8. Bb3 h6 9. O-O Be7 10.
Re1 O-O 11. Nf4 d4 12. Ne4 Nxe4 13. dxe4 Bg5 14. Nd5 Be6 15. f4 Bh4 16. Rf1 Rc8 17. Qh5 Bxd5 18. Bxd5 Nb4 19. Bxb7 Rc7 20. Bd5 Nxd5 21.
exd5 Rd7 22. d6 Rxd6 23. Qxc5 Qd7 24. Qc4 Rc8 25. Qd3 Rdc6 26. c3 Bf6 27. Bd2 Rd6 28.
c4 Qb7 29. b4 Re6 30. Rae1 Rce8 31. Rxe6 Rxe6 32. Re1 Rxe1+ 33. Bxe1 Qd7 34. b5 Qd6 35. Bd2 Bd8 36. a5 g6 37. h3 Qc5 38. Kh2 Bc7 39. Kh1 h5 40. b6 Bd6 41. Qb3 h4 42. b7 Bb8 43. Qb4 Qc6 44. Qe7 Kg7 45. Be1 Qxc4 46.
Qxh4 Qf1+ 47. Kh2 Bxf4+ 48. Bg3 g5 49. Qg4 Bxg3+ 50. Qxg3 d3 51. b8=Q d2 52. Qbe5+ f6 53. Qe7+ Kh6 54. Qf8+ Kg6 55. Qg8+ Kh6 56. Qc7 Qf4+ 57.
Qxf4 gxf4 58. Qd5 f3 59. Qxd2+ Kg6 60. Qf2 fxg2 61. Qxg2+ 1-0

[Event "*** SCC Grand Prix: Titled Tuesday Blitz"]
[Site "Chess.com"]
[Date "2020.10.06"]
[Round "1"]
[White "NMZanette"]
[Black "AldokhinIvan"]
[Result "0-1"]
[WhiteElo "2211"]
[BlackElo "2542"]
[TimeControl "180+1"]
[EndTime "10:08:04 PDT"]
[Termination "AldokhinIvan won by checkmate"]

1. e4 c5 2. Nf3 e6 3. d4 cxd4 4.
Nxd4 a6 5. a4 Qc7 6. Nc3 Nf6 7.
Bd3 Bc5 8. Nb3 Ba7 9. O-O d6 10.
Qe2 O-O 11. Be3 Bxe3 12. Qxe3 Nbd7 13. h3 b6 14. f4 Bb7 15. Rae1 Nc5 16. Nxc5 Qxc5 17.
Qxc5 dxc5 18. b3 Rfd8 19. e5 Nd5 20. Nxd5 Bxd5 21. Rf2 Bc6 22. Be4 Bxe4 23. Rxe4 Rd1+ 24.
Kh2 Rad8 25. b4 R1d4 26. Rxd4 Rxd4 27. c3 Rc4 28. Rd2 h5 29. bxc5 bxc5 30. Rd6 Rxa4 31.
Rc6 Rc4 32. Rxa6 Rxc3 33. Ra8+ Kh7 34. Rc8 Kg6 35. g3 Rc2+ 36. Kg1 c4 37. Kh1 Kf5 38. Kg1 Ke4 39. Rc7 Kf3 40. Rxf7 c3 41. f5 exf5 42. Rxf5+ Kxg3 43. Rg5+ Kf4 44. Rxg7 Rd2 45. e6 c2 46. Rc7 Rd1+ 47. Kf2 c1=Q 48. Rxc1 Rxc1 49. e7 Rc8 50. e8=Q Rxe8 51. h4 Re6 52. Kg2 Re2+ 53. Kf1 Re3 54. Kf2 Rh3 55. Kg2 Rxh4 56. Kf2 Rh3 57. Kg2 Kg4 58. Kf2 Ra3 59. Kg2 h4 60. Kh1 Ra2 61.
Kg1 Kf3 62. Kh1 Kg3 63. Kg1 Ra1# 0-1

[Event "*** SCC Grand Prix: Titled Tuesday Blitz"]
[Site "Chess.com"]
[Date "2020.10.06"]
[Round "1"]
[White "PauloCesarCosta_sad"]
[Black "TheMagnet"]
[Result "0-1"]
[WhiteElo "2275"]
[BlackElo "2582"]
[TimeControl "180+1"]
[EndTime "10:08:06 PDT"]
[Termination "TheMagnet won on time"]

1. Nf3 Nf6 2. c4 g6 3. Nc3 Bg7 4. g3 O-O 5. Bg2 d6 6. O-O c5 7. d4 Nc6 8. b3 cxd4 9. Nxd4 Bd7 10. Bb2 Qa5 11. Nd5 Nxd5 12. cxd5 Nxd4 13. Bxd4 Qb4 14.
Bxg7 Kxg7 15. Qd3 Rac8 16. Qe3 Rfe8 17. Qxa7 Rc2 18. e3 Rec8 19. a3 Qxb3 20. Qd4+ Kg8 21. Rfb1 Qxb1+ 22. Rxb1 Rc1+ 23. Rxc1 Rxc1+ 24. Bf1 Bh3 25.
Qd3 Kf8 26. f3 h5 27. Kf2 Rxf1+ 28. Ke2 Rh1 29. Qc3 Rxh2+ 30. Kd3 f6 31. e4 Rg2 32.
Qe1 Ra2 33. Qb4 b5 34. Ke3 Bd7 35. f4 Rc2 36. Qa5 Ke8 37. Qa8+ Rc8 38. Qa5 Kf7 39. Qb6 Ke8 40. Qb7 Rc3+ 41. Kf2 Rxa3 42. Qb8+ Kf7 43.
Qc7 Be8 44. Qc8 b4 45. Qe6+ Kf8 46. f5 g5 47. Qc8 b3 48. Qb7 Ra2+ 49. Ke3 Rg2 50.
Kd4 Rxg3 51. Qb4 h4 52. e5 dxe5+ 53. Kc5 Rd3 54. Kb6 h3 55. Kc7 h2 56. d6 Rxd6 57. Qb8 h1=Q 58. Qxe8+ Kxe8 59. Kc8 Qc6+ 0-1

[Event "*** SCC Grand Prix: Titled Tuesday Blitz"]
[Site "Chess.com"]
[Date "2020.10.06"]
[Round "1"]
[White "Piotrek1979"]
[Black "Zhigalko_Sergei"]
[Result "0-1"]
[WhiteElo "2461"]
[BlackElo "2918"]
[TimeControl "180+1"]
[EndTime "10:08:07 PDT"]
[Termination "Zhigalko_Sergei won by resignation"]

1. Nf3 d5 2. c4 d4 3. e3 Nc6 4. exd4 Nxd4 5. Nxd4 Qxd4 6. d3 Nh6 7. Nc3 c6 8. Be2 Nf5 9. O-O g6 10. g3 Bg7 11. Bf3 O-O 12. Re1 Rd8 13. Qb3 Qc5 14.
Ne4 Qd4 15. Rb1 Be6 16. Ng5 Bc8 17. Bf4 Qd7 18. c5 Qe8 19. Qa3 Nd4 20. Bd1 Bf5 21. Ne4 Qd7 22. Rc1 Nb5 23. Qa5 Bxb2 24. Rb1 Bg7 25.
Bc2 Nd4 26. Bd1 Nb5 27. Bc2 h6 28. h4 Bg4 29. a4 Nd4 30. Bd1 Nf3+ 31. Bxf3 Bxf3 32.
Re3 Bg4 33. Rbe1 Be6 34. Nd2 Qd5 35. Nc4 Bh3 36. f3 Bd4 37. Kh2 Bxe3 38. Rxe3 Bf5 39. Bxh6 Bxd3 40. Ne5 Bf5 41. Qc3 Qd2+ 42. Qxd2 Rxd2+ 43.
Kg1 Rad8 44. Re1 Rc2 45. g4 Be6 46. h5 gxh5 47. gxh5 Kh7 48. Bf4 Rg8+ 49. Kh1 Bd5 50.
Re3 Ra2 51. Ng4 Be6 52. Ne5 Rd8 53. Bg3 Rd1+ 54. Be1 Raa1 0-1

[Event "*** SCC Grand Prix: Titled Tuesday Blitz"]
[Site "Chess.com"]
[Date "2020.10.06"]
[Round "1"]
[White "Zmeeed63"]
[Black "vanea_03"]
[Result "0-1"]
[WhiteElo "2359"]
[BlackElo "2687"]
[TimeControl "180+1"]
[EndTime "10:08:07 PDT"]
[Termination "vanea_03 won on time"]

1. d4 d5 2. c4 dxc4 3. Nf3 a6 4. e3 Bg4 5. Bxc4 e6 6. h4 Nf6 7. Nbd2 Nc6 8. Be2 Bd6 9. a3 O-O 10. Nc4 b5 11. Nce5 Bxe5 12. Nxe5 Nxe5 13. f3 Nxf3+ 14.
gxf3 Bh5 15. e4 Nd7 16. Bg5 f6 17. Be3 e5 18. Rg1 exd4 19. Bxd4 c5 20. Be3 Qe7 21. Bh6 Bg6 22. h5 gxh6 23. hxg6 Ne5 24. Qd5+ Kg7 25.
gxh7+ Kxh7 26. O-O-O Rad8 27. Qb3 Rxd1+ 28. Bxd1 c4 29.
Qe3 Rd8 30. Bc2 Nd3+ 31. Kb1 b4 32. Rh1 Qg7 33. axb4 Nxb4 34. Qb6 Qe7 35. Qe3 Qf8 36.
e5+ Nxc2 37. Kxc2 fxe5 38. Qe4+ Kh8 39. Qxe5+ Kh7 40. Qe4+ Kh8 41. Qe5+ Kh7 42. Qe4+ Kh8 43. f4 Qg7 44. f5 Rb8 45. Qd5 Qxb2+ 46. Kd1 Qa1+ 47.
Ke2 Rb2+ 48. Ke3 Qa3+ 49. Kf4 Rf2+ 50. Kg4 Qf8 0-1

[Event "*** SCC Grand Prix: Titled Tuesday Blitz"]
[Site "Chess.com"]
[Date "2020.10.06"]
[Round "1"]
[White "r31415"]
[Black "SergeyKarjakin"]
[Result "1-0"]
[WhiteElo "2478"]
[BlackElo "2929"]
[TimeControl "180+1"]
[EndTime "10:08:08 PDT"]
[Termination "r31415 won by checkmate"]

1. e4 e6 2. d4 d5 3. Nc3 Bb4 4.
exd5 exd5 5. Bd3 Nc6 6. a3 Bxc3+ 7. bxc3 Nge7 8. Qf3 Be6 9. Ne2 Qd7 10. h3 Bf5 11. O-O O-O 12. Bg5 f6 13. Bf4 Bxd3 14. cxd3 Rae8 15.
Rfe1 Nd8 16. Ng3 c6 17. Qg4 Qxg4 18. hxg4 Nc8 19. Rad1 Kf7 20. Nf5 g6 21. Ng3 Nb6 22.
Bc7 Na4 23. Rxe8 Rxe8 24. Bxd8 Rxd8 25. Rc1 Re8 26. Kf1 Re7 27. Ne2 Nb2 28. Nf4 g5 29. Rc2 Na4 30. Ne2 Kg6 31. Ng3 Re8 32. Nf5 h5 33. Ne3 hxg4 34. Nxg4 Re7 35. c4 Rd7 36. c5 Re7 37. Ne3 f5 38. g4 f4 39. Nf5 Re6 40.
Nd6 b6 41. Nc8 bxc5 42. dxc5 f3 43. Nxa7 d4 44. Rc4 Nc3 45. Rxd4 Re2 46. Rd6+ Kf7 47. Nxc6 Nb1 48. Nd4 Re1+ 49. Kxe1 Nxa3 50. Nf5 Nc2+ 51. Kd2 Na3 52. c6 Nb1+ 53. Kc2 Na3+ 54. Kb3 Nc4 55. Rd7+ Kf6 56. dxc4 Ke5 57. c7 Kf4 58.
Rd1 Kxg4 59. Ne3+ Kh3 60. c8=Q+ Kh2 61. Rh1+ Kxh1 62. Qg4 Kh2 63. Qxf3 g4 64. Qg2# 1-0

[Event "*** SCC Grand Prix: Titled Tuesday Blitz"]
[Site "Chess.com"]
[Date "2020.10.06"]
[Round "1"]
[White "Juanovic"]
[Black "Artem_Sadovsky"]
[Result "1-0"]
[WhiteElo "2131"]
[BlackElo "2491"]
[TimeControl "180+1"]
[EndTime "10:08:08 PDT"]
[Termination "Juanovic won on time"]

1. e4 c6 2. d4 d5 3. Nc3 dxe4 4.
Nxe4 Nf6 5. Nxf6+ exf6 6. Nf3 Bd6 7. Bd3 O-O 8. O-O Bg4 9. h3 Bh5 10. Re1 Bc7 11. Qe2 Bxf3 12. Qxf3 Qxd4 13. Re4 Qd6 14. Bf4 Qd8 15. Bxc7 Qxc7 16. Rae1 Nd7 17. Rh4 g6 18. Rhe4 Qd6 19. Qe3 Nb6 20. c4 Rad8 21. Bf1 Kg7 22.
c5 Qd2 23. cxb6 Qxb2 24. bxa7 Qxa2 25. Re7 Qa5 26. Rxb7 c5 27. Rb8 Rxb8 28. axb8=Q Rxb8 29. Rc1 Rc8 30. Rc4 Qb6 31. Qc3 Qd6 32. g3 h5 33.
Bg2 Rc7 34. Bf3 h4 35. Rxh4 Qe6 36. Kg2 Qd6 37. Qc1 g5 38. Rc4 Qe5 39. Qc3 Qd6 40. h4 gxh4 41. Rxh4 Kf8 42. Rc4 Kg7 43. Rf4 Re7 44.
Rf5 Re5 45. Rxe5 fxe5 46. Qc4 f5 47. Bd5 Kf6 48. Bg8 e4 49. Qf7+ Ke5 50. Qc4 f4 51. gxf4+ Kxf4 52. Qf7+ Ke5 53. Qg7+ Kf4 54. Qg3+ Kf5 55.
Qxd6 1-0

[Event "*** SCC Grand Prix: Titled Tuesday Blitz"]
[Site "Chess.com"]
[Date "2020.10.06"]
[Round "1"]
[White "louis198"]
[Black "VladaSviridova"]
[Result "1-0"]
[WhiteElo "2567"]
[BlackElo "2253"]
[TimeControl "180+1"]
[EndTime "10:08:09 PDT"]
[Termination "louis198 won by resignation"]

1. d4 d5 2. c4 c6 3. Nc3 Nf6 4. Nf3 dxc4 5. e3 b5 6. a4 b4 7. Na2 e6 8. Bxc4 Be7 9. O-O O-O 10. Bd2 a5 11. Qe2 Nbd7 12. Rfd1 Qb6 13. Nc1 c5 14. Nb3 Bb7 15. Rac1 Rac8 16. Bb5 cxd4 17. Nbxd4 Nc5 18. Ne5 Rfd8 19. Be1 Nd5 20. f3 f6 21. Nc4 Qa7 22. Bg3 Nc7 23. Bf2 Nxb5 24. Nxb5 Qa6 25. Rxd8+ Rxd8 26.
Rd1 Rxd1+ 27. Qxd1 Bd5 28. Nd2 Qc6 29. e4 Ba2 30. Qc2 b3 31. Qc3 Qb6 32. Nc4 Qd8 33. Qxa5 Qd1+ 34. Qe1 Qxe1+ 35. Bxe1 Nxa4 36. Kf2 Kf7 37. Ke3 Bc5+ 38. Kd2 Bb1 39. Nc3 Bc2 40. Nxa4 Bb4+ 41. Nc3 e5 42. Ne3 Ke6 43. Nxc2 bxc2 44. Kxc2 Bc5 45. Nd5 Bg1 46. h3 Kd6 47. b4 Kc6 48.
Kb3 Kb5 49. Nc3+ Kc6 50. Kc4 Bd4 51. b5+ Kb6 52. Nd5+ Kb7 53. Ba5 Bf2 54. Bb4 Bg3 55. Bf8 g5 56. Nxf6 1-0

[Event "*** SCC Grand Prix: Titled Tuesday Blitz"]
[Site "Chess.com"]
[Date "2020.10.06"]
[Round "1"]
[White "annazero"]
[Black "W_Amadeus"]
[Result "0-1"]
[WhiteElo "2382"]
[BlackElo "2739"]
[TimeControl "180+1"]
[EndTime "10:08:10 PDT"]
[Termination "W_Amadeus won on time"]

1. d4 Nf6 2. Nf3 g6 3. g3 Bg7 4. Bg2 O-O 5. O-O d6 6. c4 c6 7. Nc3 Qb6 8. h3 Na6 9. b3 e5 10. Bb2 e4 11. Ne1 d5 12. c5 Qd8 13. e3 Nc7 14. b4 h5 15. a4 Ne6 16. b5 Ng5 17. h4 Bg4 18. Qb3 Nf3+ 19. Nxf3 exf3 20. Bh1 g5 21. Qd1 gxh4 22. Bxf3 h3 23. Bxg4 hxg4 24. Ne2 Ne4 25. Nf4 Qd7 26. Qe2 Bh6 27. Nd3 f6 28.
Kh2 Rae8 29. bxc6 bxc6 30. Rab1 Qf5 31. Ba1 Ng5 32. Nf4 Nf3+ 33. Kh1 Bxf4 34. gxf4 Qe4 35. Rb7 Nxd4+ 36. f3 Nxe2 37. fxe4 Ng3+ 38. Kg1 h2+ 39. Kxh2 Nxf1+ 40. Kg1 Nxe3 41. exd5 Nxd5 42. Rxa7 Re1+ 43. Kf2 Rxa1 44. Ra6 Ra2+ 45. Kg3 f5 46. Rxc6 Rxa4 47. Rd6 Nxf4 48. c6 Rc4 49. Rd7 Ne2+ 0-1

[Event "*** SCC Grand Prix: Titled Tuesday Blitz"]
[Site "Chess.com"]
[Date "2020.10.06"]
[Round "1"]
[White "Kaslask"]
[Black "olksuna"]
[Result "1-0"]
[WhiteElo "2335"]
[BlackElo "2617"]
[TimeControl "180+1"]
[EndTime "10:08:11 PDT"]
[Termination "Kaslask won by resignation"]

1. d4 Nf6 2. c4 e6 3. Nf3 d5 4. Nc3 dxc4 5. e4 b5 6. e5 Nd5 7. Nxb5 Nb6 8. Be3 Nc6 9. Nc3 Be7 10. Be2 O-O 11. O-O Rb8 12. Qc1 Ba6 13. Rd1 Nb4 14. b3 Qc8 15. a3 Nd3 16. Bxd3 cxd3 17. Ne1 c5 18. Ne4 cxd4 19. Qxc8 Nxc8 20. Bxd4 Rxb3 21. Nc5 Bxc5 22. Bxc5 Rd8 23. Nf3 h6 24. Nd2 Rb2 25. Bb4 Nb6 26. Rac1 Rc2 27. Nf3 Rxc1 28. Rxc1 Nd5 29.
Bd6 Rc8 30. Rxc8+ Bxc8 31. Kf1 Bb7 32. Nd2 g5 33. f3 Kg7 34. Kf2 Kg6 35. Ne4 Ba6 36. Ke1 Ne3 37. g3 Nc4 38. Bb4 Bb7 39.
Nd2 Ne3 40. Kf2 Nc2 41. Bc5 Kf5 42. Bxa7 Kxe5 43. Bb8+ Kd5 44. f4 gxf4 45. Bxf4 e5 46. Bxh6 e4 47. Nf1 Kd4 48. Ne3 Kc3 49. Nf1 Nd4 50.
Bd2+ Kc2 51. Ke3 Nf5+ 52. Kf4 Kb3 53. Kxf5 Kxa3 54. Kf6 Kb3 55. h4 Kc2 56. Be3 Kd1 57. h5 Ke2 58. h6 Kxf1 59. h7 Ke2 60. Bf4 e3 61. Bxe3 d2 62. Bxd2 1-0

[Event "*** SCC Grand Prix: Titled Tuesday Blitz"]
[Site "Chess.com"]
[Date "2020.10.06"]
[Round "1"]
[White "northridgehawk"]
[Black "Aygehovit1992"]
[Result "0-1"]
[WhiteElo "2309"]
[BlackElo "2619"]
[TimeControl "180+1"]
[EndTime "10:08:11 PDT"]
[Termination "Aygehovit1992 won by checkmate"]

1. e4 c5 2. Nf3 d6 3. d4 cxd4 4. Nxd4 Nf6 5. Nc3 Nc6 6. f3 e5 7. Nb3 a5 8. Bb5 Be7 9. Be3 O-O 10. Qd2 Na7 11. Bxa7 Rxa7 12. O-O-O a4 13. Nxa4 Bd7 14. Bxd7 Qxd7 15. Nc3 b5 16. Kb1 b4 17. Nd5 Nxd5 18.
Qxd5 Rfa8 19. Nc1 Bg5 20. Qxd6 Qc8 21. Nb3 Rxa2 22. Qxb4 h5 23. Rd5 R2a4 24. Qd6 h4 25. Rhd1 R4a6 26. Qxe5 Bf6 27. Qf5 Qc4 28. e5 Be7 29.
R1d4 Qf1+ 30. Rd1 Qxg2 31. Rd7 Re6 32. Qe4 Rc8 33. Nd4 Ra6 34. Rxe7 Rca8 35. Nb3 Qxh2 36. Qf5 Rf8 37. Red7 Qg3 38. Qe4 Raa8 39. R7d3 h3 40. f4 Qg4 41. Qe3 h2 42. Qh3 Qg1 43. Qxh2 Qxh2 44.
c4 Qh5 45. R1d2 Qf5 46. Kc2 Rfd8 47. Kc3 Rxd3+ 48. Rxd3 Rb8 49. Rd4 Qh3+ 50. Rd3 Rxb3+ 51. Kxb3 Qxd3+ 52. Kb4 Qe4 53. b3 Qxf4 54. Kb5 Qxe5+ 55. c5 g5 56. b4 g4 57. Kb6 g3 58.
c6 g2 59. c7 Qd6+ 60. Kb7 Qd7 61. b5 Qxb5+ 62. Kc8 g1=Q 63. Kd8 Qd4+ 64. Ke7 Qbd7# 0-1

[Event "*** SCC Grand Prix: Titled Tuesday Blitz"]
[Site "Chess.com"]
[Date "2020.10.06"]
[Round "1"]
[White "Oglob71"]
[Black "rugbyclub"]
[Result "0-1"]
[WhiteElo "2509"]
[BlackElo "2177"]
[TimeControl "180+1"]
[EndTime "10:08:17 PDT"]
[Termination "rugbyclub won by checkmate"]

1. d4 Nf6 2. Nf3 d5 3. c4 e6 4. Qc2 c5 5. dxc5 Bxc5 6. cxd5 Qb6 7. e3 O-O 8. Nc3 exd5 9. Na4 Bb4+ 10. Bd2 Qa5 11.
Bxb4 Qxb4+ 12. Nc3 Bf5 13. Qb3 Nc6 14. Bb5 d4 15.
Bxc6 Qxb3 16. axb3 dxc3 17. bxc3 bxc6 18. Nd4 Bd7 19. b4 Rfc8 20. Ra5 Nd5 21. Kd2 Nb6 22. Kd3 Rc7 23. Rha1 Nd5 24. g3 Kf8 25. e4 Nf6 26. f3 Ke7 27. Nb3 Ne8 28. c4 Be6 29. Kc3 Nd6 30. Nd2 g6 31. h4 f6 32. g4 Nf7 33.
g5 fxg5 34. hxg5 h5 35. gxh6 Nxh6 36. Rg1 Kf7 37. Rag5 Rg8 38. Ra1 Kf6 39. Rga5 Rgg7 40. Kd4 Nf7 41. f4 Rh7 42. Rxa7 Rxa7 43. Rxa7 Rh4 44.
Ke3 g5 45. f5 Bc8 46. Nf3 Rh3 47. Kf2 g4 48. Rxf7+ Kxf7 49. Ng5+ Kf6 50. Nxh3 gxh3 51. Kg3 Ke5 52. b5 c5 53. b6 Bb7 54. Kxh3 Bxe4 55. Kg3 Kxf5 56. Kf2 Ke5 57. Ke3 Bb7 58. Kd3 Kf4 59.
Kc3 Ke4 60. Kb3 Kd3 61. Ka4 Kxc4 62. Ka5 Kd3 63. Kb5 c4 64. Kc5 c3 65. Kd6 c2 66. Kc7 Be4 67. Kb8 c1=Q 68. Ka7 Kc4 69. b7 Bxb7 70. Kxb7 Qh6 71. Kc7 Kc5 72. Kd7 Qf6 73. Ke8 Qg7 74. Kd8 Kd6 75. Ke8 Qe7# 0-1